AoeStats
← BruteSquad

Arabia

510104655Analyzed
1v1 RM · 2d ago on Sep 29, 2026· 58m 54s· 2 players
Game mode
Random Map
Map size
Tiny (2 player)
Population
200
Speed
Normal
Resources
Standard
Victory
Conquest
Starting age
Dark Age
Ending age
Imperial Age
RankedLock teamsTeams togetherTeam positionsShared explorationLock speedFull tech treeHidden civsTurbo modeCheats
Victory
Defeat
🇦🇷 Wei · Argentina
901
+15
🇺🇸 Japanese · United States
872
-15
LyM.leantorras
6:47 Loom
9:28 Feudal Age
10:10 Double-Bit Axe
10:38 Horse Collar
19:43 Gold Mining
21:19 Forging
23:12 Castle Age
22:05 Fletching
22:16 Padded Archer Armor
22:39 Bloodlines
25:00 Bodkin Arrow
25:21 Leather Archer Armor
25:09 Husbandry
26:43 Bow Saw
30:41 Ballistics
31:42 Thumb Ring
31:56 Heavy Plow
33:17 Light Cavalry
34:07 Scale Barding Armor
34:39 Iron Casting
36:43 Chain Barding Armor
38:11 Gold Shaft Mining
37:28 Stone Mining
44:08 Imperial Age
43:19 Town Watch
44:15 Wheelbarrow
45:19 Parthian Tactics
45:23 Bracer
46:36 Chemistry
47:13 Hand Cart
47:00 Hussar
48:15 Ring Archer Armor
48:19 Town Watch
51:30 Heavy Hei Guang Cavalry
53:20 Blast Furnace
54:01 Conscription
53:49 Tuntian
BruteSquad
7:00 Loom
9:46 Feudal Age
10:32 Man-at-Arms
13:16 Wheelbarrow
17:03 Horse Collar
17:10 Double-Bit Axe
17:49 Fletching
24:45 Castle Age
26:38 Castle Age
26:20 Forging
26:11 Scale Mail Armor
27:39 Hand Cart
26:47 Crossbowman
28:04 Elite Skirmisher
30:22 Padded Archer Armor
31:50 Leather Archer Armor
31:31 Bodkin Arrow
31:39 Pikeman
40:26 Bow Saw
40:32 Heavy Plow
45:59 Imperial Age
44:31 Iron Casting
45:47 Chain Mail Armor
48:05 Parthian Tactics
47:49 Thumb Ring
49:23 Halberdier
Connection lost

Rejoining the realm…

Still unreachable

The connection could not be restored.

Session expired

The server has moved on; the page needs a fresh start.